 Dungeon Crawl Stone Soup version 0.31.0-32-g396128a36d (webtiles) character file.

Game seed: 6099895672892418727

63 PaiMei the Grave Robber (level 3, 0/26 HPs)
             Began as a Demonspawn Necromancer on Mar 26, 2024.
             Slain by a cerulean imp
             ... wielding a +1 spear
             ... summoned by Natasha
              (5 damage)
             ... on level 2 of the Dungeon.
             The game lasted 00:02:49 (2535 turns).

PaiMei the Grave Robber (Demonspawn Necromancer)    Turns: 2535, Time: 00:02:50

Health: 0/26       AC:  2    Str:  8    XL:     3   Next: 87%
Magic:  3/6        EV: 12    Int: 17    God:
Gold:   104        SH:  0    Dex: 13    Spells: 3/7 levels left

rFire   . . .        e - +0 whip
rCold   . . .        (no shield)
rNeg    . . .        a - +0 robe
rPois   .            (helmet restricted)
rElec   .            (no cloak)
rCorr   .            (no gloves)
SInv    .            (no boots)
Will    .....        (no amulet)
Stlth   ++           (no ring)
HPRegen 0.24/turn    (no ring)
MPRegen 0.10/turn

%: no passive effects
@: no status effects
A: antennae 1, claws 1
a: no special abilities


You were on level 2 of the Dungeon.
You visited 1 branch of the dungeon, and saw 2 of its levels.

You collected 104 gold pieces.

Inventory:

Hand Weapons
 e - a +0 whip (weapon)
Missiles
 i - 2 poisoned darts (quivered)
Armour
 a - a +0 robe (worn)
Scrolls
 g - a scroll of teleportation {unknown}
 h - a scroll of enchant weapon {unknown}
 j - a scroll of identify {unknown}
 k - a scroll of fog {unknown}
Potions
 b - 2 potions of magic
 c - 2 potions of might {unknown}
 d - 2 potions of heal wounds {unknown}
 f - a potion of lignification {unknown}


   Skills:
 + Level 1.2 Fighting
 + Level 2.3 Dodging
 - Level 2.0 Stealth
 + Level 2.6 Spellcasting
 + Level 4.8 Necromancy


You had 3 spell levels left.
You knew the following spells:

 Your Spells              Type           Power      Damage    Failure   Level
a - Necrotise             Necr           72%        1d7       2%          1
b - Vampiric Draining     Necr           18%        2d7       8%          3

Your spell library contained the following spells:

 Spells                   Type           Power      Damage    Failure   Level
 Animate Dead             Necr           18%        N/A       24%         4
 Curse of Agony           Necr           18%        N/A       56%         5
 Summon Forest            Summ/Tloc      1%         N/A       99%         5
 Summon Mana Viper        Hex/Summ       2%         N/A       99%         5
 Summon Cactus Giant      Summ           1%         N/A       100%        6


Dungeon Overview and Level Annotations

Branches:
Dungeon (2/15)

Altars:

Annotations:
D:2 1 runed translucent door, Crazy Yiuf, Natasha


Innate Abilities, Weirdness & Mutations

You have a pair of small antennae on your head.
You have sharp fingernails.


Message History

The cerulean imp attacks as it pursues you!
The cerulean imp barely misses you.
The cerulean imp hits you from afar with a +0 spear.
* * * LOW HITPOINT WARNING * * *
The cerulean imp attacks as it pursues you!
The cerulean imp hits you but does no damage.
The cerulean imp hits you from afar with a +0 spear.
* * * LOW HITPOINT WARNING * * *
The cerulean imp attacks as it pursues you!
The cerulean imp barely misses you.
The cerulean imp disappears in a puff of smoke!
Natasha attacks as she pursues you! Natasha closely misses you.
Natasha mumbles some strange words.
You see here a +0 dagger.
The cerulean imp attacks as it pursues you!
The cerulean imp hits you but does no damage.
Casting: Necrotise (safe; 2% risk of failure)
Confirm with . or Enter, or press ? or * to list all spells.
Aiming: Necrotise (safe; 2% risk of failure)
Press: ? - help, Shift-Dir - straight line, f - Natasha
Aim: Natasha (chance to affect: 76%) Natasha writhes in agony.
Natasha barely misses you. The cerulean imp misses you.
Casting: Necrotise (safe; 2% risk of failure)
Confirm with . or Enter, or press ? or * to list all spells.
Aiming: Necrotise (safe; 2% risk of failure)
Press: ? - help, Shift-Dir - straight line, f/p - Natasha
Aim: Natasha (heavily wounded, chance to affect: 76%) Natasha writhes in agony.
Natasha closely misses you.
The cerulean imp hits you from afar with a +1 spear.
* * * LOW HITPOINT WARNING * * *
Casting: Necrotise (safe; 2% risk of failure)
Confirm with . or Enter, or press ? or * to list all spells.
Aiming: Necrotise (safe; 2% risk of failure)
Press: ? - help, Shift-Dir - straight line, f/p - Natasha
Aim: Natasha (severely wounded, chance to affect: 76%) Natasha writhes in agony.
Natasha claws you.
* * * LOW HITPOINT WARNING * * *
The cerulean imp hits you from afar with a +1 spear.
You die...

#.# ###.# #............# #.#.
#.# #.#####.......###.# ###.
#.# #...)..........##.# #..#
#.# #....#####.....##.###..#
#.# #....# #....#.##...###.
#.#####....# #.#.##.##....#..
#....##....# #...##......#.#.
###........#####.#####...####.
#..##...)5h@.....>.....##..#
#..######################..#
#..###### #.... #.......#
####. #..######### ### #.
###..# ##.#..## ###..)# #.
#....# #......####.+...# ####.
#.#..###.......#..##...# #.##.
#.#...##..#...#.### ### #.##.


You could see Natasha and a cerulean imp (summoned).

Vanquished Creatures
  An adder (D:2)
  A ribbon worm (D:2)
  2 dart slugs
  3 ball pythons
  4 endoplasms
  A giant cockroach (D:2)
  8 goblins
  3 hobgoblins (D:1)
  3 jackals
  5 bats
  3 frilled lizards
  4 kobolds
  A rat (D:2)
39 creatures vanquished.

Vanquished Creatures (collateral kills)
  An endoplasm (D:2)
  2 goblins (D:2)
3 creatures vanquished.

Grand Total: 42 creatures vanquished

Notes
Turn   | Place    | Note
-------+----------+-------------------------------------------
     0 | D:1      | PaiMei the Demonspawn Necromancer began the quest for the
                  | Orb.
     0 | D:1      | Reached XP level 1. HP: 13/13 MP: 3/3
   183 | D:1      | Found a faded altar of an unknown god.
   359 | D:1      | Discovered your monstrous ancestry.
   359 | D:1      | Gained mutation: You have sharp fingernails. [demonic
                  | ancestry]
   359 | D:1      | Reached XP level 2. HP: 19/19 MP: 3/5
  1142 | D:2      | Gained mutation: You have a pair of small antennae on your
                  | head. [demonic ancestry]
  1142 | D:2      | Reached XP level 3. HP: 20/25 MP: 0/6
  1146 | D:2      | Learned a level 3 spell: Vampiric Draining
  1418 | D:2      | Reached skill level 1 in Fighting
  1951 | D:2      | Found a runed translucent door.
  1952 | D:2      | Noticed Crazy Yiuf
  2489 | D:2      | Noticed Natasha
  2535 | D:2      | Slain by a cerulean imp

Illustrated notes

Levels and vault maps discovered:
D:1:      nzn_arrival_settlement, layout_basic,
          dreamdust_ecumenical_altar_statues
D:2:      layout_loops_ring, nicolae_eternal_life,
          nicolae_elevator_lobby_asterisk, uniq_natasha, uniq_robin,
          uniq_crazy_yiuf_cottage

Skill      XL: |  1  2  3 |
---------------+----------+-----
Dodging        | 2 |  2.3
Stealth        | 2 |  2.0
Fighting       | 1 |  1.2
Spellcasting   | |  2.6
Necromancy     | |  4.8

Action                     || total
---------------------------++-------
  Melee: Whip              ||    13
   Cast: Necrotise         ||    78
 Armour: Robe              ||    40
  Dodge: Dodged            ||    31
